 Dungeon Crawl Stone Soup version 0.17-a0-1583-g2df49ec (webtiles) character file.

199 Goblin1989 the Twirler (level 5, -1/30 HPs)
             Began as a Gargoyle Gladiator on July 28, 2015.
             Killed by nerve-wracking pain
             ... invoked by Grinder
              (8 damage)
             ... on level 3 of the Dungeon.
             The game lasted 00:08:15 (1820 turns).

Goblin1989 the Twirler (Gargoyle Gladiator)         Turns: 1820, Time: 00:08:17

Health: -1/30      AC: 12    Str: 19    XL:     5   Next: 77%
Magic:  5/5        EV: 12    Int:  8    God:
Gold:   25         SH:  0    Dex: 11    Spells: 0 memorised, 4 levels left

rFire  + . .     SeeInvis .     a - +1 quarterstaff
rCold  . . .     Clarity  .     m - +3 leather armour {rF+}
rNeg   + . .     SustAt   .     (no shield)
rPois  ∞         Gourm    .     c - +0 helmet
rElec  +         Spirit   .     u - +0 cloak
rCorr  .         Warding  .     (no gloves)
rMut   .         Stasis   +     (no boots)
MR     .....                    r - amulet of stasis
Stlth  +.........               (no ring)
                                (no ring)

@: not resistant to hostile enchantments, very unstealthy
A: negative energy resistance 1, electricity resistance, unbreathing,
petrification resistance, rot immunity, AC +4
a: no special abilities


You were on level 3 of the Dungeon.
You were not hungry.

You visited 1 branch of the dungeon, and saw 3 of its levels.

You collected 25 gold pieces.

Inventory:

Hand weapons
 a - a +1 quarterstaff (weapon)
Missiles
 b - 3 throwing nets (quivered)
Armour
 c - a +0 helmet (worn)
 m - a +3 leather armour of fire resistance (worn)
 u - a +0 cloak (worn)
Jewellery
 r - an amulet of stasis (around neck)
Potions
 d - a potion of cancellation {unknown}
 i - a potion of agility {unknown}
 k - a potion of invisibility {unknown}
 n - a potion of poison {unknown}
 o - a potion of magic {unknown}
 p - a potion of mutation {unknown}
 q - a potion of haste {unknown}
Comestibles
 e - 2 bread rations
 h - 3 meat rations
 t - a chunk of flesh
 v - 3 fruits


   Skills:
 - Level 2.1 Fighting
 + Level 6.2 Staves
 - Level 2.0 Throwing
 - Level 2.4 Dodging


You had 4 spell levels left.
You didn't know any spells.

Dungeon Overview and Level Annotations

Branches:
Dungeon (3/15)

Altars:
Zin
The Shining One

Shops:
D:3 *

Annotations:
D:3 Goblin1989's ghost, average GrGl; Grinder


Innate Abilities, Weirdness & Mutations

You are resistant to torment.
Your stone body is resilient (AC +4).
You are immune to poison.
You resist negative energy.
You are resistant to electric shocks.
You can survive without breathing.
You are immune to petrification.
You are immune to rotting.


Message History

You sock the adder!
The adder is almost dead.
The adder misses you. Natasha claws you. The adder closely misses you.
You closely miss Natasha. Natasha claws you! The adder misses you.
You sock Natasha!
Natasha is severely wounded.
Natasha closely misses you. The adder bites you but does no damage.
You hit Natasha.
You kill Natasha!
Natasha screams in fury as she dies!
The crimson imp disappears in a puff of smoke!
The shadow imp disappears in a puff of smoke!
The adder barely misses you.
You barely miss the adder.
The adder is almost dead.
The adder bites you.
* * * LOW HITPOINT WARNING * * *
Grinder gestures at you. Pain shoots through your body!
You die...

####.# *#,* *,,,,,,,**,,,,,,,,
# #.# ##.## *******,**,*******
# #.# ##...# *,**,* * # #.#
#..#.# *,#*,******* #.# #....#
****#.#*,**,,,,, ### #....#
*,,....,,,*,**** #...#*
*,.....,,,*,*
######..######§.....,,,*,*
#........KWS@5w.....,,,*,*
#####.#####.######......,,,*,*
......# *#.W.#* *,....$,,,*,*
#####.#*#.....#***,,....,,,*,*
#.##........,,,,,...,,,*,*
#.###.(...###*,,,,..,,,*,* #.#
##...## ***,*,#****,**** #.#
##%## *,*,* *,*,,, #####.# ###
*,*,* *,*,**


You could see Grinder, a worm, Goblin1989's ghost, an adder and a kobold.

Vanquished Creatures
  A hound (D:3)
  Ijyb (D:2)
  An orc wizard (D:3)
  Natasha (D:3)
  4 adders
  An ooze (D:2)
  2 worms (D:2)
  2 giant geckos
  2 orcs (D:3)
  7 bats
  6 goblins
  4 hobgoblins
  2 giant newts (D:1)
  2 jackals (D:3)
  3 kobolds
  7 rats
46 creatures vanquished.

Notes
Turn   | Place    | Note
--------------------------------------------------------------
     0 | D:1      | Goblin1989 the Gargoyle Gladiator began the quest for the Orb.
     0 | D:1      | Reached XP level 1. HP: 12/12 MP: 1/1
   178 | D:1      | Reached XP level 2. HP: 15/17 MP: 2/2
   638 | D:2      | Reached skill level 4 in Staves
   644 | D:2      | Noticed Ijyb
   670 | D:2      | Reached XP level 3. HP: 9/21 MP: 3/3
   691 | D:2      | Killed Ijyb
   691 | D:2      | Reached XP level 4. HP: 9/26 MP: 4/4
   991 | D:2      | Reached skill level 5 in Staves
  1338 | D:3      | Noticed Natasha
  1561 | D:3      | Found a glowing golden altar of the Shining One.
  1701 | D:3      | Found Zin's Purification Station.
  1704 | D:3      | Found a glowing silver altar of Zin.
  1711 | D:3      | Reached XP level 5. HP: 26/30 MP: 5/5
  1793 | D:3      | Noticed Grinder
  1794 | D:3      | Noticed Goblin1989's ghost (average GrGl)
  1815 | D:3      | Reached skill level 6 in Staves
  1819 | D:3      | Killed Natasha
  1820 | D:3      | Killed from afar by Grinder

Vault maps used:
D:1:      sevenhm_arrival_forest_fort_small_6, nrook_mini_backslash,
          hangedman_feature_mirror, grunt_decor_resistance,
          kennysheep_flooded_box
D:2:      serial_bayou_pond_a, uniq_iyjb
D:3:      zin_purify, tso_altar, first_bread, uniq_grinder,
          uniq_crazy_yiuf_cottage, uniq_natasha

Action                   |  1- 3 |  4- 6 || total
-------------------------+-------+-------++-------
Melee: Quarterstaff      |    87 |   100 ||   187
Throw: Throwing net      |     3 |       ||     3
  Use: Scroll            |       |     5 ||     5
  Eat: Chunk             |       |     3 ||     3
